 Dungeon Crawl Stone Soup version 0.27-a0-1557-g57f10a385c (webtiles) character file.

Game seed: 1505027746033425822

483 Wyvernaa the Sneak (level 7, -4/33 HPs)
             Began as a Vine Stalker Enchanter on July 15, 2021.
             Was a Follower of Uskayaw.
             Slain by Duvessa (7 damage)
             ... on level 4 of the Dungeon.
             The game lasted 00:15:48 (4468 turns).

Wyvernaa the Sneak (Vine Stalker Enchanter)         Turns: 4468, Time: 00:15:49

Health: -4/33      AC:  2    Str: 11    XL:     7   Next: 12%
Magic:  0/12       EV: 12    Int: 17    God:    Uskayaw [*.....]
Gold:   146        SH:  0    Dex: 14    Spells: 6/12 levels left

rFire    . . .     SeeInvis .   c - +1 dagger (venom)
rCold    . . .     Faith    .   (no shield)
rNeg     . . .     Spirit   +   b - +0 robe
rPois    .         Reflect  .   (no helmet)
rElec    .         Harm     .   (no cloak)
rCorr    .         Rampage  .   (no gloves)
Will     .....                  (no boots)
Stlth    +++.......             (no amulet)
HPRegen  1.11/turn              (no ring)
MPRegen  0.13/turn              (no ring)

@: confusing by touch
A: fangs 2, regeneration 1, magic shield, antimagic bite, no potion heal 2
a: Renounce Religion, Stomp


You were on level 4 of the Dungeon.
You worshipped Uskayaw.
Uskayaw was noncommittal.
You visited 1 branch of the dungeon, and saw 4 of its levels.
You also visited: Sewer.

You collected 146 gold pieces.

Inventory:

Hand Weapons
 c - a +1 dagger of venom (weapon)
 i - a +1 short sword of venom
Missiles
 f - 2 throwing nets
Armour
 b - a +0 robe (worn)
Jewellery
 d - an amulet of faith
Wands
 h - a wand of acid (8)
Potions
 a - 6 potions of mutation
 e - a potion of brilliance {unknown}
 g - a potion of cancellation
 j - 3 potions of haste {unknown}
 k - 2 potions of magic {unknown}
 m - 2 potions of might {unknown}


   Skills:
 + Level 1.4 Fighting
 + Level 3.1 Short Blades
 + Level 2.3 Dodging
 + Level 6.0 Stealth
 + Level 3.2 Spellcasting
 + Level 4.1 Hexes
 + Level 1.3 Ice Magic


You had 6 spell levels left.
You knew the following spells:

 Your Spells              Type           Power      Damage    Failure   Level
a - Corona                Hex            17%        N/A       3%          1
b - Ensorcelled Hibernat  Hex/Ice        24%        N/A       9%          2
c - Confusing Touch       Hex            16%        N/A       10%         3

Your spell library contained the following spells:

 Spells                   Type           Power      Damage    Failure   Level
 Tukima's Dance           Hex            16%        N/A       10%         3
 Pain                     Necr           8%         1d4       17%         1
 Dazzling Flash           Conj/Hex       18%        N/A       22%         3
 Agony                    Necr           2%         N/A       99%         5
 Excruciating Wounds      Necr           1%         N/A       99%         5


Dungeon Overview and Level Annotations

Branches:
Dungeon (4/15)              Sewer (visited)
 Temple: D:4-7

Altars:
Fedhas
Uskayaw

Annotations:
D:4 Duvessa


Innate Abilities, Weirdness & Mutations

You have extremely sharp teeth.
Your natural rate of healing is unusually fast.
When hurt, damage is shared between your health and your magic reserves.
Your bite disrupts and absorbs the magic of your enemies.
Potions cannot restore your health.


Message History

You hear a distant scream of rage.
Your Stealth skill increases to level 6!
Your magical contamination has completely faded away.
You can no longer pass through a line of other dancers.
You are no longer glowing.
Things that are here:
a +0 dagger; a +0 robe; the elf corpse of Dowan
m - 2 fizzy amethyst potions (gained 1)
Items here: ))))) [[.
Items here: ))))) [[.
Duvessa goes berserk!
Press: ? - help, v - describe, . - travel
Here: Duvessa, wielding a +0 rapier and wearing a +0 ring mail (berserk)
The floor.
Unknown command.
Casting: Ensorcelled Hibernation (safe; 9% risk of failure)
Confirm with . or Enter, or press ? or * to list all spells.
Aiming: Ensorcelled Hibernation (safe; 9% risk of failure)
Press: ? - help, Shift-Dir - straight line, f - Duvessa
Aim: Duvessa, wielding a +0 rapier and wearing a +0 ring mail (berserk, not susceptible)
Okay, then.
Casting: Ensorcelled Hibernation (safe; 9% risk of failure)
Confirm with . or Enter, or press ? or * to list all spells.
Okay, then.
Casting: Ensorcelled Hibernation (safe; 9% risk of failure)
Confirm with . or Enter, or press ? or * to list all spells.
The spell is quite dangerous to cast (10% risk of failure)!
Continue anyway?
Your hands begin to glow red.
Duvessa rages.
You barely miss Duvessa. You bite Duvessa, but do no damage.
Duvessa hits you with a +0 rapier!
You hit Duvessa but do no damage. Duvessa closely misses you.
You hit Duvessa but do no damage. Duvessa hits you with a +0 rapier!
You hit Duvessa but do no damage. You bite Duvessa, but do no damage.
Duvessa hits you with a +0 rapier. Duvessa hits you with a +0 rapier!!
Ouch! That really hurt!
* * * LOW HITPOINT WARNING * * *
You aren't carrying any scrolls.
Duvessa hits you with a +0 rapier!
You die...

#......# ####.####.##
#.......#..## #.......#...#
###.......#...# #....._.......#
#)#)......#...#
###################.#.......#...#
...............e@...#.......#..##
####........#####...####.####(..#
##........# #...............#
###.........# #....##.........#
†...........# #...###.....#####
)############ #...# #....##≈≈≈≈
## #...# ##...#.#### )# #)..#
##..#.##≈≈ .######### #..[#
####≈#≈##


You could see Duvessa (berserk).

Vanquished Creatures
  2 kobold brigands (Sewer)
  Dowan (D:4)
  An iguana (D:4)
  Robin (D:4)
  4 adders (D:3)
  9 river rats (Sewer)
  An ufetubus (D:4)
  3 worms
  A dart slug (D:1)
  6 orcs
  14 ball pythons
  7 bats
  8 endoplasms
  2 giant cockroaches (D:4)
  10 goblins
  9 hobgoblins
  2 jackals (D:1)
  20 kobolds
  4 quokkas
  4 frilled lizards
  21 rats
130 creatures vanquished.

Vanquished Creatures (others)
  7 fungi (D:4)
  A plant (D:4)
8 creatures vanquished.

Grand Total: 138 creatures vanquished

Notes
Turn   | Place    | Note
-------+----------+-------------------------------------------
     0 | D:1      | Wyvernaa the Vine Stalker Enchanter began the quest for the
                  | Orb.
     0 | D:1      | Reached XP level 1. HP: 9/9 MP: 4/4
    62 | D:1      | Reached skill level 1 in Short Blades
   242 | D:1      | Noticed a floating eye
   248 | D:1      | Reached skill level 4 in Stealth
   261 | D:1      | Noticed a golden eye
   263 | D:1      | Found a faded altar of an unknown god.
   283 | D:1      | Reached XP level 2. HP: 9/13 MP: 3/6
   422 | D:1      | Noticed a shining eye
   823 | D:1      | Noticed a golden eye
   829 | D:1      | Reached XP level 3. HP: 13/16 MP: 7/7
   832 | D:1      | Learned a level 2 spell: Ensorcelled Hibernation
  1823 | D:3      | Gained mutation: Your natural rate of healing is unusually
                  | fast. [Vine Stalker growth]
  1823 | D:3      | Reached XP level 4. HP: 21/21 MP: 3/8
  2761 | D:4      | Reached XP level 5. HP: 25/25 MP: 5/9
  2788 | D:4      | Noticed Robin
  2796 | D:4      | Reached skill level 5 in Stealth
  2808 | D:4      | Killed Robin
  3010 | D:4      | Found a hide-covered altar of Uskayaw.
  3070 | D:4      | Became a worshipper of Uskayaw the Reveller
  3096 | D:4      | Found a blossoming altar of Fedhas.
  3132 | D:4      | Noticed Duvessa
  3135 | D:4      | Noticed Dowan
  3259 | D:4      | Reached * piety under Uskayaw
  3306 | D:4      | Found a glowing drain.
  3312 | Sewer    | Entered a sewer
  3585 | Sewer    | Learned a level 3 spell: Confusing Touch
  3628 | Sewer    | Reached skill level 1 in Fighting
  3629 | Sewer    | Reached ** piety under Uskayaw
  3697 | Sewer    | Reached XP level 6. HP: 29/30 MP: 6/11
  3700 | Sewer    | Reached skill level 1 in Ice Magic
  4234 | Sewer    | Reached XP level 7. HP: 33/33 MP: 12/12
  4414 | D:4      | Killed Dowan
  4415 | D:4      | Reached skill level 6 in Stealth
  4466 | D:4      | HP: 1/33 [Duvessa (19)]
  4468 | D:4      | Slain by Duvessa

Illustrated notes

Levels and vault maps discovered:
D:1:      psy_arrival_heroes, layout_basic,
          hellmonk_ecumenical_altar_watching_god, kennysheep_flooded_box
D:2:      layout_basic
D:3:      wad_river_or_something, layout_loops_ring
D:4:      layout_rooms, nicolae_uskayaw_murder_on_the_dancefloor,
          fedhas_altar_3, gup_sewer_entry_spiral, uniq_robin, uniq_duvessa

Skill      XL: |  1  2  3  4  5  6  7 |
---------------+----------------------+-----
Short Blades   | 1 2 3 |  3.1
Stealth        | 4 5 6 |  6.0
Dodging        | 2 |  2.3
Fighting       | 1 |  1.4
Ice Magic      | 1 |  1.3
Spellcasting   | 3 |  3.2
Hexes          | 4 |  4.1

Action                   |  1- 3 |  4- 6 |  7- 9 || total
-------------------------+-------+-------+-------++-------
Melee: Dagger            |   128 |   237 |    21 ||   386
       Bite              |    19 |    38 |     3 ||    60
 Cast: Corona            |     7 |     2 |       ||     9
       Ensorcelled Hiber |     2 |    32 |     2 ||    36
       Confusing Touch   |       |       |     1 ||     1
  Use: Scroll            |     3 |     5 |     1 ||     9
 Stab: Sleeping          |     8 |    30 |       ||    38
Armor: Robe              |    28 |    24 |     1 ||    53
Dodge: Dodged            |    84 |   101 |     6 ||   191

Table legend: (Time is in decaauts)
 A = Elapsed time spent in this place.
 B = Non-inter-level travel time spent in this place.
 C = Inter-level travel time spent in this place.
 D = Time resting spent in this place.
 E = Time spent auto-exploring this place.
 F = Levels seen in this place.
 G = Mean time per level.
                   A        B        C        D        E       F      G
               +--------+--------+--------+--------+--------+-----+--------+
         Total |   4486 |   4430 |     56 |    783 |   1926 |   5 |  897.2 |
       Dungeon |   3495 |   3439 |     56 |    544 |   1793 |   4 |  873.8 |
         Sewer |    991 |    991 |      0 |    239 |    132 |   1 |  991.0 |
               +--------+--------+--------+--------+--------+-----+--------+

Top non-repeatable levels by time:
     D:1: 1304 daAuts
   Sewer: 991 daAuts
     D:3: 949 daAuts
     D:4: 790 daAuts
     D:2: 451 daAuts
